Map: Eastwatch LE

Players

CinDra

  • Race: Zerg Zerg
  • League: Gold
  • Spawn Location: 1:00

Mahmood - Winner!

  • Race: Terran Terran
  • League: Gold
  • Spawn Location: 7:00

VOD

Have the link to the VOD?

Description

Time

  • Played on: Feb. 28, 2018, 3:44 p.m.
  • Length: 11:34
Show
View Real Time Build Order
Export as new Build Order

CinDra Zerg 

Build Orders: Hatch First, Muta Ling Bane, Zergling Baneling 

Get SALT Encoding   

  12  0:01  Drone  
  13  0:12  Overlord  
  13  0:18  Drone  
  14  0:31  Drone  
  15  0:39  Drone  
  16  0:45  Drone  
  17  0:57  Drone  
  17  0:59  Hatchery  
  17  1:06  Drone  
  17  1:09  Extractor  
  17  1:18  Spawning Pool  
  16  1:21  Drone  
  17  1:29  Drone  
  18  1:38  Drone  
  19  1:49  Drone  
  20  2:00  Overlord  
  20  2:10  Queen  
  20  2:11  Queen  
  20  2:12  Zergling x4  
  26  2:18  Metabolic Boost  
  26  2:21  Drone  
  27  2:30  Drone  
  28  2:40  Zergling x2  
  28  2:41  Zergling x2  
  28  2:42  Overlord  
  30  2:56  Drone x3  
  33  3:04  Zergling x2  
  34  3:29  Baneling Nest  
  34  3:34  Extractor  
  32  3:36  Zergling x16, Overlord  
  32  3:37  Overlord, Drone  
  40  3:50  Drone  
  40  3:51  Drone  
  42  4:05  Drone x2  
  44  4:10  Drone  
  44  4:11  Drone x5  
  44  4:15  Baneling x3  
  44  4:16  Baneling x6  
  50  4:17  Drone  
  51  4:29  Drone x3  
  51  4:30  Drone x3  
  51  4:31  Drone x2  
  59  4:37  Lair  
  59  4:47  Extractor  
  59  4:49  Extractor  
  57  4:53  Queen  
  48  5:18  Zergling x20  
  57  5:25  Zergling x2  
  58  5:36  Drone  
  58  5:39  Overlord  
  58  5:41  Overlord  
  59  5:45  Centrifical Hooks  
  52  6:10  Drone  
  53  6:12  Spire  
  53  6:14  Drone  
  53  6:15  Drone x6  
  50  7:04  Drone  
  50  7:05  Drone x5  
  56  7:24  Zergling x8  
  60  7:32  Hatchery  
  59  7:46  Mutalisk x6  
  59  7:48  Mutalisk  
  59  7:51  Mutalisk  
  73  7:52  Overlord  
  75  8:09  Overlord x4  
  75  8:15  Overseer  
  75  8:48  Drone  
  75  8:49  Drone x13  
  85  9:33  Hydralisk Den, Zerg Flyer Weapons Level 1  
  84  9:42  Extractor  
  84  9:43  Drone  
  84  9:44  Drone x7, Mutalisk x5  
  101  9:45  Extractor  
  100  10:00  Mutalisk  
  100  10:01  Mutalisk x3  
  108  10:15  Spore Crawler  
  108  10:18  Spore Crawler  
  106  10:23  Zergling x16  
  106  10:24  Zergling x2  
  114  10:42  Overlord x2  
  109  10:43  Overlord  
  74  11:04  Zergling x4  
  74  11:05  Zergling x20  
  80  11:17  Spore Crawler  
Show
View Real Time Build Order
Export as new Build Order

Mahmood Terran - Winner!

Build Orders:  

Get SALT Encoding   

  12  0:00  SCV  
  13  0:13  SCV  
  14  0:17  Supply Depot  
  14  0:25  SCV  
  15  0:38  SCV  
  15  0:40  Barracks  
  16  0:47  Refinery  
  16  0:50  SCV  
  17  1:03  SCV  
  18  1:16  SCV  
  19  1:32  Supply Depot  
  19  1:38  Orbital Command  
  19  1:42  Barracks Reactor  
  19  2:04  Command Center  
  19  2:06  SCV  
  20  2:18  SCV  
  21  2:27  Marine x2  
  23  2:30  SCV  
  23  2:31  Factory  
  23  2:36  Supply Depot  
  24  2:43  SCV  
  25  2:45  Marine x2  
  27  2:51  Refinery  
  27  2:58  Supply Depot  
  27  3:03  Marine  
  27  3:04  SCV  
  28  3:19  Starport  
  28  3:20  Factory Tech Lab  
  28  3:22  Marine x2  
  30  3:35  Bunker  
  30  3:49  Orbital Command, Supply Depot  
  30  3:50  SCV  
  30  3:54  Marine  
  30  3:55  Marine  
  33  4:05  SCV  
  34  4:16  Liberator  
  34  4:25  SCV x2, Marine x2  
  34  4:26  Siege Tank, Supply Depot  
  44  4:42  Refinery, SCV  
  44  4:43  Marine  
  44  4:45  SCV  
  47  4:54  SCV  
  47  4:56  Marine  
  47  4:57  SCV  
  50  5:00  Siege Tank  
  50  5:06  SCV  
  48  5:17  Marine  
  48  5:18  Marine  
  48  5:19  Starport Tech Lab  
  48  5:20  SCV x2  
  51  5:26  Barracks x2  
  51  5:27  Engineering Bay  
  51  5:32  SCV x2  
  51  5:35  Marine  
  54  5:36  Marine  
  55  5:52  SCV x2  
  57  5:58  Bunker  
  57  6:03  Bunker  
  54  6:05  Marine x2  
  54  6:06  Siege Tank  
  59  6:17  Barracks Tech Lab  
  60  6:18  SCV x2  
  61  6:32  SCV x2, Marine x2  
  65  6:33  Marauder  
  65  6:34  Starport Reactor  
  65  6:38  Siege Tank  
  70  6:47  Command Center  
  70  6:51  SCV x2, Supply Depot  
  70  6:52  Supply Depot  
  70  6:53  Engineering Bay  
  72  7:01  Marine x3  
  70  7:02  Marine  
  70  7:03  SCV x2  
  75  7:15  SCV x2  
  75  7:18  Stimpack  
  75  7:19  Marine x4  
  75  7:21  Combat Shields  
  81  7:25  Supply Depot  
  81  7:29  SCV x2  
  83  7:37  Siege Tank  
  83  7:38  Medivac  
  83  7:39  Medivac  
  83  7:40  Marine  
  91  7:58  SCV x2  
  91  7:59  Supply Depot  
  91  8:01  Supply Depot, Planetary Fortress  
  93  8:08  Medivac x2  
  97  8:22  SCV x2  
  97  8:26  Liberator  
  99  8:31  Supply Depot x2  
  99  8:33  Supply Depot  
  99  8:35  Supply Depot  
  99  8:40  Marine x4  
  103  8:41  Siege Tank  
  103  8:44  Viking  
  111  8:52  Concussive Shells  
  111  8:53  SCV x2  
  111  8:54  SCV  
  114  8:57  Marine  
  114  8:58  Supply Depot, Marine  
  114  8:59  Supply Depot  
  115  9:04  Factory  
  110  9:38  Missile Turret  
  110  9:39  Missile Turret  
  110  9:46  SCV  
  110  9:47  SCV x2, Marine x3  
  110  9:48  Marine  
  110  9:49  Siege Tank, Medivac x2  
  110  9:50  Missile Turret  
  124  9:53  Missile Turret  
  124  10:05  Marine x3  
  127  10:25  SCV x3, Marine x2  
  127  10:26  Marine x2  
  127  10:27  Siege Tank, Medivac x2  
  141  10:50  Marine x3  
  141  10:51  Marine  
  141  10:54  Factory Tech Lab  
  131  11:12  SCV x3, Marine x4  
  135  11:21  Engineering Bay  
  135  11:22  Armory  
  135  11:27  Barracks  
  135  11:28  Barracks  
  135  11:30  Barracks  
  135  11:31  Barracks  
Tags
 
Add a new tag
Caveats
  • Supply blocks, unpowered buildings, or Contaminate may cause inaccurate times.
  • Supply counts are checked every 10 seconds.